 Dungeon Crawl Stone Soup version 0.22-a0 (webtiles) character file.

528 shenanigans the Firebug (level 7, -4/51 HPs)
             Began as a Barachi Fire Elementalist on Jan 1, 2018.
             Was an Initiate of Vehumet.
             Shot with an arrow by a centaur (14 damage)
             ... on level 5 of the Dungeon.
             The game lasted 00:13:50 (4737 turns).

shenanigans the Firebug (Barachi Fire Elementalist) Turns: 4737, Time: 00:13:51

Health: -4/51      AC:  3    Str:  9    XL:     7   Next: 23%
Magic:  8/13       EV: 13    Int: 18    God:    Vehumet [......]
Gold:   144        SH:  0    Dex: 12    Spells: 8/14 levels left

rFire    . . .     SeeInvis .   j - +0 hand axe (distort)
rCold    . . .     Gourm    .   (no shield)
rNeg     . . .     Faith    .   a - +0 robe
rPois    .         Spirit   .   (no helmet)
rElec    .         Reflect  .   (no cloak)
rCorr    .         Harm     .   i - +0 pair of gloves
MR       .....                  (no boots)
Stlth    ++........             (no amulet)
HPRegen  0.17/turn              (no ring)
MPRegen  0.13/turn              (no ring)

@: lethally poisoned (-4 -> -6), slow
A: +LOS, swims, slowness 1, strong legs 1
a: Hop, Renounce Religion


You were on level 5 of the Dungeon.
You worshipped Vehumet.
Vehumet was noncommittal.
You were hungry.

You visited 2 branches of the dungeon, and saw 6 of its levels.

You collected 144 gold pieces.

Inventory:

Hand Weapons
 h - a +0 dagger
 j - a +0 hand axe of distortion (weapon)
Missiles
 m - 4 javelins (quivered)
Armour
 a - a +0 robe (worn)
 i - a +0 pair of gloves (worn)
Jewellery
 l - an uncursed amulet of the gourmand {unknown}
Scrolls
 d - 5 scrolls of teleportation
 e - 2 scrolls of remove curse
 f - 2 scrolls of fear
 k - a scroll of random uselessness {unknown}
 n - a scroll of amnesia {unknown}
 o - a scroll of enchant armour {unknown}
 s - a scroll of immolation {unknown}
Potions
 g - a potion of mutation
 p - 2 potions of might {unknown}
 q - a potion of brilliance {unknown}
 r - 3 potions of curing
Books
 b - a book of Flames

   Spells                             Type                      Level
   a - Flame Tongue                   Conjuration/Fire             1
   b - Throw Flame                    Conjuration/Fire             2
   c - Conjure Flame                  Conjuration/Fire             3
   d - Inner Flame                    Hexes/Fire                   3
   e - Sticky Flame                   Conjuration/Fire             4
   f - Fireball                       Conjuration/Fire             5
Comestibles
 c - 12 rations


   Skills:
 + Level 2.6 Fighting
 + Level 2.7 Armour
 + Level 3.4 Dodging
 + Level 2.9 Stealth
 * Level 4.1 Spellcasting
 * Level 3.7 Conjurations
 + Level 4.2 Fire Magic


You had 8 spell levels left.
You knew the following spells:

 Your Spells              Type           Power        Failure   Level  Hunger
a - Flame Tongue          Conj/Fire      ###..        2%          1    None
b - Fireball              Conj/Fire      ###.......   61%         5    ######.


Dungeon Overview and Level Annotations

Branches:
Dungeon (5/15)             Temple (1/1) D:4

Altars:
Ashenzari
Cheibriados
Dithmenos
Elyvilon
Fedhas
Hepliaklqana
Okawaru
Qazlal
Ru
Sif Muna
Trog
Uskayaw
Vehumet
Wu Jian
Xom
Yredelemnul
Zin
The Shining One


Innate Abilities, Weirdness & Mutations

Shadows flee at your approach. (+LOS)
You can swim through water.
You cover ground slowly.
You can hop short distances.


Message History

Press: ? - help, Shift-Dir - straight line, f/p - adder
Aim: an adder (severely wounded)
The flame tongue hits the adder.
You kill the adder!
Vehumet accepts your kill.
You feel sick.
A centaur comes into view.
The centaur shouts!
The centaur wields a shortbow.
The centaur shoots an arrow.
The arrow hits you!
You hear an angry hiss.
Things that are here:
an arrow; an adder corpse You feel sick.
The centaur shoots an arrow.
The arrow hits you!
You see here an arrow.
The centaur shoots an arrow.
The arrow hits you!
* * * LOW HITPOINT WARNING * * *
There is a stone staircase leading up, spattered with blood here.
You see here an arrow.
The centaur shoots an arrow.
The arrow hits you!
You die...

..... #((. #... ##
#..# ##.. .##.%#
####...# .#..#
.......##...#####
....>...#(....c..
###. #..(........
#..<####(#..##.##.
#..†@.......#
#.###.##..###
#..............)#
...................
.........####..#..##
..###..### #..#.# .
##. #...# #. #.. ..
...


You could see a centaur.

Vanquished Creatures
  Menkaure (D:4)
  An ogre (D:4)
  A howler monkey (D:4)
  2 orc priests (D:4)
  An orc wizard (D:4)
  Jessica (D:2)
  A worker ant (D:4)
  7 adders
  2 worms
  2 dart slugs (D:1)
  4 leopard geckos
  6 orcs (D:4)
  A giant cockroach (D:2)
  10 goblins
  7 hobgoblins
  6 jackals
  A quokka (D:2)
  3 ball pythons
  7 bats
  A frilled lizard (D:1)
  4 kobolds
  8 rats
77 creatures vanquished.

Notes
Turn   | Place    | Note
-------+----------+-------------------------------------------
     0 | D:1      | shenanigans the Barachi Fire Elementalist began the quest for the Orb.
     0 | D:1      | Reached XP level 1. HP: 13/13 MP: 3/3
   214 | D:1      | Reached XP level 2. HP: 19/19 MP: 0/5
  1076 | D:1      | Reached XP level 3. HP: 25/25 MP: 4/6
  1177 | D:1      | Reached skill level 1 in Armour
  1678 | D:2      | Reached skill level 1 in Fighting
  2101 | D:2      | Noticed Jessica
  2108 | D:2      | Killed Jessica
  2108 | D:2      | Reached XP level 4. HP: 19/32 MP: 4/8
  2234 | D:2      | Found a faded altar of an unknown god.
  2825 | D:3      | Found a shimmering altar of Xom.
  2932 | D:3      | Reached XP level 5. HP: 37/37 MP: 9/9
  3369 | D:3      | Found a glowing golden altar of the Shining One.
  3433 | D:3      | Learned a level 5 spell: Fireball
  3969 | D:4      | Reached XP level 6. HP: 44/44 MP: 9/11
  4171 | D:4      | Found a staircase to the Ecumenical Temple.
  4187 | Temple   | Entered the Ecumenical Temple
  4315 | Temple   | Became a worshipper of Vehumet
  4500 | D:4      | Noticed Menkaure
  4508 | D:4      | Killed Menkaure
  4508 | D:4      | Reached XP level 7. HP: 29/51 MP: 8/13
  4711 | D:5      | Entered Level 5 of the Dungeon
  4737 | D:5      | Shot with an arrow by a centaur

Vault maps used:
D:1:      dpeg_arrival_water_fire, serial_forest,
          infiniplex_forest_clump_double, infiniplex_forest_clump_tiny,
          infiniplex_forest_3_way, infiniplex_forest_clump_C,
          infiniplex_forest_corner_1, infiniplex_forest_straight_2,
          infiniplex_forest_clump_cross, infiniplex_forest_lined_3_way,
          infiniplex_forest_straight_3
D:2:      chequers_ecumenical_altar_twisty, grunt_ministairs_6, uniq_jessica
D:3:      lemuel_doored_altar, nicolae_tso_swordbearing_angel
D:4:      minmay_temple_entry_grid, first_ration, uniq_menkaure
D:5:      lightli_sewer_entry_pipes
Temple:   eino_temple_rhombus

Skill      XL: |  1  2  3  4  5  6 |
---------------+-------------------+-----
Armour         | 1 2 |  2.7
Stealth        | 2 |  2.9
Fighting       | 1 2 |  2.6
Conjurations   | 2 3 |  3.7
Spellcasting   | 3 4 |  4.1
Dodging        | 3 |  3.4
Fire Magic     | 4 |  4.2

Action                   |  1- 3 |  4- 6 |  7- 9 || total
-------------------------+-------+-------+-------++-------
Melee: Unarmed           |     7 |       |       ||     7
       Dagger            |    14 |     9 |       ||    23
       Hand axe          |       |    27 |       ||    27
Throw: Javelin           |       |    18 |     6 ||    24
 Cast: Flame Tongue      |    60 |    63 |     9 ||   132
 Abil: Hop               |     2 |     1 |       ||     3
  Use: Scroll            |     3 |     1 |       ||     4
       Potion            |     1 |       |       ||     1
 Stab: Sleeping          |     1 |     3 |       ||     4
  Eat: Chunk             |     5 |     8 |       ||    13
Armor: Robe              |     7 |    20 |     1 ||    28
Dodge: Dodged            |    33 |    83 |     3 ||   119

Table legend:
 A = Spawn XP
 B = Non-spawn XP
 C = Spawn XP percentage of total XP
 D = Spawn monster count
 E = Non-spawn monster count
 F = Spawn count percentage of total count
 G = Total turns spent on level
                    A         B        C        D         E        F      G
               +---------+---------+-------+---------+---------+-------+---------
         Total |       0 |     755 |   0.0 |       0 |      77 |   0.0 |  4737
               +---------+---------+-------+---------+---------+-------+---------
           D:1 |       0 |      43 |   0.0 |       0 |      22 |   0.0 |  1466
           D:2 |       0 |     116 |   0.0 |       0 |      18 |   0.0 |  1303
           D:3 |       0 |      40 |   0.0 |       0 |      17 |   0.0 |   779
           D:4 |       0 |     528 |   0.0 |       0 |      17 |   0.0 |  1023
           D:5 |       0 |      28 |   0.0 |       0 |       3 |   0.0 |    26
               +---------+---------+-------+---------+---------+-------+---------
